AoeStats
← ПАМПУШКА

Black Forest

507486928Analyzed
4v4 RM · 13d ago on Sep 18, 2026· 36m 35s· 8 players
Game mode
Random Map
Map size
Large (8 player)
Population
200
Speed
Normal
Resources
Standard
Victory
Conquest
Starting age
Dark Age
Ending age
Imperial Age
RankedLock teamsTeams togetherTeam positionsShared explorationLock speedFull tech treeHidden civsTurbo modeCheats
Victory
Defeat
🇹🇼 Japanese · Taiwan
1218
+11
🇨🇳 Maya · China
1196
+12
🇹🇼 Ethiopians · Taiwan
1136
+15
🇯🇵 Mongols · Japan
1126
+15
🇫🇮 Bohemians · Finland
1180
-16
🇩🇪 Britons · Germany
1157
-15
🇱🇻 Britons · Latvia
1046
-11
🇨🇳 Berbers · China
1045
-30
bimurock
0:45 Loom
11:37 Feudal Age
13:00 Wheelbarrow
12:22 Double-Bit Axe
16:29 Castle Age
16:14 Stone Mining
16:22 Gold Mining
16:27 Horse Collar
18:40 Bow Saw
23:59 Fletching
24:42 Bodkin Arrow
26:08 Royal Heirs
27:54 Hand Cart
30:03 Forging
29:54 Scale Mail Armor
29:28 Crossbowman
30:13 Thumb Ring
29:29 Elite Skirmisher
30:37 Squires
30:23 Arson
31:29 Gold Shaft Mining
31:36 Stone Shaft Mining
32:52 Chain Mail Armor
33:13 Iron Casting
36:06 Imperial Age
tnan
0:27 Loom
12:20 Feudal Age
18:19 Castle Age
18:54 Double-Bit Axe
23:40 Demolition Ship
24:04 Fishing Lines
25:19 Bow Saw
26:06 Horse Collar
27:30 Demolition Ship
28:01 Gillnets
30:00 Gold Mining
30:43 Fortified Wall
31:00 Yasama
30:55 Fletching
31:10 Treadmill Crane
32:20 Town Watch
35:31 Imperial Age
33:55 Wheelbarrow
33:53 Forging
33:44 Scale Mail Armor
33:20 Pikeman
34:01 Squires
34:28 Guard Tower
36:33 Gold Shaft Mining
36:00 Halberdier
36:37 Arrowslits
uu
0:29 Loom
11:46 Feudal Age
16:00 Castle Age
14:41 Horse Collar
14:47 Double-Bit Axe
18:42 Wheelbarrow
20:36 Hand Cart
22:30 Heavy Plow
25:15 Bow Saw
26:22 Gold Mining
27:40 Stone Mining
31:28 Imperial Age
29:10 Fletching
29:21 Padded Archer Armor
30:19 Stone Shaft Mining
30:14 Caravan
30:18 Bodkin Arrow
30:38 Squires
30:05 Elite Skirmisher
31:13 Leather Archer Armor
31:12 Eagle Warrior
32:02 Thumb Ring
32:39 Conscription
32:34 Bracer
33:59 Ring Archer Armor
34:35 Chemistry
34:10 Ballistics
33:57 Hul'che Javelineers
34:50 Elite Eagle Warrior
35:29 Treadmill Crane
36:00 Forging
35:50 Scale Mail Armor
sada-aki
9:12 Loom
11:02 Feudal Age
11:54 Double-Bit Axe
11:53 Fishing Lines
17:14 Castle Age
18:22 Bow Saw
24:27 Horse Collar
26:07 Caravan
30:17 Imperial Age
29:34 Wheelbarrow
29:06 Gold Mining
30:18 Capped Ram
31:22 Drill
31:34 Hand Cart
32:03 Gold Shaft Mining
31:10 Siege Ram
33:39 Chemistry
33:00 Ballistics
35:34 Coinage
36:46 Gillnets
ПАМПУШКА
8:01 Loom
13:22 Feudal Age
14:42 Wheelbarrow
13:57 Double-Bit Axe
18:30 Castle Age
17:35 Fishing Lines
20:27 Stone Mining
20:30 Gold Mining
21:09 Bow Saw
23:22 Gillnets
24:47 Hand Cart
25:14 Gold Shaft Mining
33:03 Imperial Age
32:17 Ballistics
32:04 Town Watch
33:33 Scale Mail Armor
33:24 Fletching
TFS|Nappa
10:45 Feudal Age
11:21 Double-Bit Axe
12:10 Fishing Lines
19:39 Wheelbarrow
20:58 Loom
23:42 Castle Age
24:19 Gillnets
27:28 Chemistry
29:33 Imperial Age
28:48 Bow Saw
29:41 Padded Archer Armor
三条柒
2:02 Loom
11:29 Feudal Age
11:47 Man-at-Arms
12:44 Arson
13:02 Double-Bit Axe
12:59 Horse Collar
17:33 Wheelbarrow
19:37 Castle Age
18:36 Padded Archer Armor
18:31 Fletching
18:55 Stone Mining
20:32 Town Watch
22:11 Hand Cart
22:11 Bow Saw
22:33 Scale Barding Armor
22:54 Gold Mining
25:13 Husbandry
31:38 Imperial Age
29:52 Gold Shaft Mining
30:39 Bloodlines
31:01 Chain Barding Armor
31:35 Forging
32:23 Bodkin Arrow
33:40 Plate Barding Armor
34:30 Cavalier
Holako
0:35 Loom
12:09 Feudal Age
12:56 Double-Bit Axe
20:34 Castle Age
18:45 Gold Mining
19:00 Horse Collar
20:39 Fletching
20:50 Padded Archer Armor
21:26 Crossbowman
22:29 Bodkin Arrow
23:52 Bow Saw
26:26 Leather Archer Armor
28:52 Pikeman
29:53 Heavy Plow
30:30 Wheelbarrow
34:15 Imperial Age
32:01 Squires
31:47 Arson
32:17 Forging
32:09 Scale Mail Armor
Connection lost

Rejoining the realm…

Still unreachable

The connection could not be restored.

Session expired

The server has moved on; the page needs a fresh start.